 Dungeon Crawl Stone Soup version 0.24-a0-639-gb70a11d811 (webtiles) character file.

Game seed: 703136925976907800, levelgen mode: deterministic

155 salinator the Poker (level 5, 0/46 HPs)
             Began as a Hill Orc Berserker on Sept 21, 2019.
             Was a Believer of Trog.
             Killed by nerve-wracking pain
             ... invoked by an orc priest
              (13 damage)
             ... on level 4 of the Dungeon.
             The game lasted 00:06:36 (2887 turns).

salinator the Poker (Hill Orc Berserker)            Turns: 2887, Time: 00:06:37

Health: 0/46       AC:  8    Str: 21    XL:     5   Next: 37%
Magic:  5/5        EV: 10    Int:  7    God:    Trog [**....]
Gold:   147        SH:  0    Dex: 10    Spells: 4/4 levels left

rFire    . . .     SeeInvis .   m - +0 falchion
rCold    . . .     Gourm    .   (no shield)
rNeg     . . .     Faith    .   l - +0 scale mail
rPois    .         Spirit   .   e - +0 helmet
rElec    .         Reflect  .   (no cloak)
rCorr    .         Harm     .   (no gloves)
MR       .....                  (no boots)
Stlth    ..........             g - amulet of the acrobat
HPRegen  0.15/turn              (no ring)
MPRegen  0.09/turn              (no ring)

@: no status effects
A: no striking features
a: Berserk, Trog's Hand, Renounce Religion, Convert to Beogh


You were on level 4 of the Dungeon.
You worshipped Trog.
Trog was pleased with you.
You were not hungry.

You visited 1 branch of the dungeon, and saw 4 of its levels.

You collected 147 gold pieces.

Inventory:

Hand Weapons
 m - a +0 falchion (weapon)
Armour
 e - a +0 helmet (worn)
 l - a +0 scale mail (worn)
Jewellery
 g - an amulet of the acrobat (around neck)
Wands
 h - a wand of random effects (18)
 k - a wand of clouds (4)
Scrolls
 a - a scroll of blinking {unknown}
 b - a scroll of teleportation {unknown}
 i - 5 scrolls of remove curse {unknown}
 n - a scroll of identify {unknown}
 p - a scroll of enchant armour {unknown}
Potions
 d - a potion of agility {unknown}
 f - 6 potions of resistance {unknown}
 j - 2 potions of curing {unknown}
 o - a potion of lignification {unknown}
 q - a potion of flight {unknown}
Comestibles
 c - 5 rations


   Skills:
 + Level 4.2 Fighting
 + Level 2.3 Long Blades
   Level 4.2 Polearms
 + Level 3.7 Armour
 + Level 2.0 Dodging


You had 4 spell levels left.
You didn't know any spells.
Your spell library was empty.

Dungeon Overview and Level Annotations

Branches:
Dungeon (4/15)
 Temple: D:4-7

Altars:
Hepliaklqana
Qazlal
Wu Jian
Xom

Annotations:
D:4 Grinder


Message History

Something hits you but does no damage. Something misses you.
You hit the orc priest.
The orc priest is lightly wounded.
Something hits you.
The orc priest calls down the wrath of Beogh upon you.
Beogh smites you!
You hit the orc priest but do no damage.
The orc priest is lightly wounded.
Something hits you but does no damage. The orc priest hits you with a +0 whip.
Something hits you.
* * * LOW HITPOINT WARNING * * *
You barely miss the orc priest.
The orc priest is lightly wounded.
The orc priest shouts, "Join the one true god or die!"
The orc priest looks encouraged for a moment.
Something hits you but does no damage.
The orc priest calls down the wrath of Beogh upon you.
Pain shoots through your body!
You die...

#.#####.##...
#...#...##..#
###.#.......###
#....# #.....
###..###..####
#....(.....
##.###..#####
#....(.#..)#
####..@o...#
#.###)...#
#..........#
#....#+#...#
##... ...#
#.### ##.# #.#
.# # . .. ..
#.#


You could see an orc priest.

Vanquished Creatures
  Terence (D:2)
  A worker ant (D:4)
  A worker ant zombie (D:4)
  2 gnolls (D:3)
  An adder (D:3)
  An ooze (D:2)
  2 worms
  2 leopard geckos
  5 orcs
  A ball python (D:1)
  4 hobgoblins
  8 jackals
  4 bats
  6 frilled lizards
  4 goblins
  8 kobolds
  4 rats
55 creatures vanquished.

Vanquished Creatures (others)
  A gnoll (D:3)
1 creature vanquished.

Grand Total: 56 creatures vanquished

Notes
Turn   | Place    | Note
-------+----------+-------------------------------------------
     0 | D:1      | salinator the Hill Orc Berserker began the quest for the
                  | Orb.
     0 | D:1      | Reached XP level 1. HP: 19/19 MP: 1/1
   306 | D:1      | Reached XP level 2. HP: 27/27 MP: 2/2
  1066 | D:2      | Reached ** piety under Trog
  1066 | D:2      | Reached XP level 3. HP: 33/33 MP: 3/3
  1170 | D:2      | Noticed Terence
  1197 | D:2      | Killed Terence
  1352 | D:2      | Found a faded altar of an unknown god.
  1394 | D:2      | Reached XP level 4. HP: 30/40 MP: 4/4
  1572 | D:2      | Noticed an ice beast
  1703 | D:2      | Found a shimmering altar of Xom.
  1843 | D:3      | Noticed an air elemental
  1853 | D:3      | Found a stormy altar of Qazlal.
  1855 | D:3      | Noticed a water elemental
  2048 | D:3      | Reached skill level 1 in Long Blades
  2382 | D:3      | Reached XP level 5. HP: 46/46 MP: 5/5
  2442 | D:3      | Noticed Grinder
  2475 | D:3      | Noticed a fire elemental
  2562 | D:3      | Found an ornate altar of the Wu Jian Council.
  2562 | D:3      | Found a hazy altar of Hepliaklqana.
  2887 | D:4      | Killed from afar by an orc priest

Levels and vault maps discovered:
D:1:      minmay_arrival_widening_spiral_wide, layout_basic
D:2:      layout_loops_ring, xom_butterflies, chequers_ecumenical_altar_island,
          uniq_terence
D:3:      layout_rooms, nicolae_qazlal_style_of_elements,
          gammafunk_temple_overflow_wave, kennysheep_doodads, uniq_grinder
D:4:      layout_loops_cross, kennysheep_ying_yang, makhleb_altar_promises_db,
          serial_shops, shop, nicolae_ossuary_entry_plus, st_stairs_7,
          serial_bayou_pond_e, due_unseen_surprise

Skill      XL: |  1  2  3  4  5 |
---------------+----------------+-----
Fighting       | 4 |  4.2
Polearms       | 4 |  4.2
Armour         | 3 |  3.7
Dodging        | 2 |  2.0
Long Blades    | 1 2 |  2.3

Action                   |  1- 3 |  4- 6 || total
-------------------------+-------+-------++-------
Melee: Spear             |    92 |       ||    92
       Falchion          |    18 |   104 ||   122
Invok: Berserk           |     1 |       ||     1
  Eat: Chunk             |     3 |     3 ||     6
       Ration            |       |     1 ||     1
Armor: Leather armour    |     9 |       ||     9
       Ring mail         |     8 |       ||     8
       Scale mail        |     5 |    57 ||    62
Dodge: Dodged            |    60 |   112 ||   172
       Rpst.: Falchion   |     5 |    45 ||    50

Table legend:
 A = Non-vault XP
 B = Vault XP
 C = Vault XP percentage of total XP
 D = Non-vault monster count
 E = Vault monster count
 F = Vault count percentage of total count
                 A         B        C        D         E       F
            +---------+---------+-------+---------+---------+-------
      Total |     186 |      36 |  16.2 |      54 |       1 |   1.8
            +---------+---------+-------+---------+---------+-------
        D:1 |      26 |       0 |   0.0 |      18 |       0 |   0.0
        D:2 |      30 |      36 |  54.5 |      13 |       1 |   7.1
        D:3 |      78 |       0 |   0.0 |      20 |       0 |   0.0
        D:4 |      52 |       0 |   0.0 |       3 |       0 |   0.0
            +---------+---------+-------+---------+---------+-------
